 Dungeon Crawl Stone Soup version 0.31-a0-455-g1a7b003ef0 (webtiles) character file.

Game seed: 1737071047823524054

60 kae the Changeling (level 3, 0/28 HPs)
             Began as a Draconian Shapeshifter on Aug 3, 2023.
             Killed by nerve-wracking pain
             ... invoked by Jessica
              (14 damage)
             ... on level 2 of the Dungeon.
             The game lasted 00:00:57 (1434 turns).

kae the Changeling (Draconian Shapeshifter)         Turns: 1434, Time: 00:00:57

Health: 0/28       AC:  5    Str: 17    XL:     3   Next: 82%
Magic:  3/3        EV: 12    Int:  8    God:
Gold:   98         SH:  0    Dex: 13    Spells: 2/2 levels left

rFire   . .          .
                       - Unarmed
rCold   . . .        (no shield)
rNeg    . . .        (body armour unavailable)
rPois   .            (helmet currently unavailable)
rElec   .            (cloak currently unavailable)
rCorr   .            (gloves currently unavailable)
SInv    .            (boots currently unavailable)
Will    .....        (no amulet)
Stlth   +            (no ring)
HPRegen 0.24/turn    (no ring)
MPRegen 0.08/turn

%: no passive effects
@: beast-form
A: beast (slay +3), AC +5, unfitting armour, cold-blooded
a: Begin Untransformation


You were on level 2 of the Dungeon.
You were a hulking beast.
You visited 1 branch of the dungeon, and saw 2 of its levels.

You collected 98 gold pieces.


Innate Abilities, Weirdness & Mutations

You are a hulking beast.
Your limbs bulge with bestial killing power. (Slay +3)
Your plain brown scales are hard. (AC +5)
You cannot fit into any form of body armour.
You are cold-blooded and may be slowed by cold attacks.


   Skills:
 - Level 1.1 Fighting
 - Level 1.7 Dodging
 - Level 3.0 Unarmed Combat
 + Level 4.3 Shapeshifting


You had 2 spell levels left.
You didn't know any spells.
Your spell library contained the following spells:

 Spells                   Type           Power      Damage    Failure   Level
 Call Canine Familiar     Summ           0%         N/A       78%         3
 Portal Projectile        Hex/Tloc       0%         N/A       78%         3
 Leda's Liquefaction      Hex/Erth       0%         N/A       99%         4

Inventory:

Missiles
 i - 17 stones
Jewellery
 F - a ring of fire
   (You found it on level 2 of the Dungeon)
Talismans
 b - a beast talisman (active)
Scrolls
 c - a scroll of brand weapon {unknown}
 d - 2 scrolls of identify {unknown}
 e - a scroll of teleportation {unknown}
 g - a scroll of amnesia {unknown}
 h - a scroll of torment {unknown}
 k - a scroll of immolation {unknown}
Potions
 a - 2 potions of lignification {!q}
 f - a potion of heal wounds {unknown}
 j - a potion of berserk rage {unknown}

Dungeon Overview and Level Annotations

Branches:
Dungeon (2/15) Zot: 10566

Altars:

Shops:
D:2 [

Annotations:
D:2 Jessica

#...###....
########..........
#.................
#.#######.###.....
#.# #.# #.....
#ยง# #.# #.....
#.# #.# #..#.#
#@#######.###..#.#
#h(..............#
#.###.###.)....##)
#.# #......... #.#
# ##.....##. #.#
#. ##.#..##.
#.###.#####.#..##.
#..............##.
#.#####โ€
###.##.##. #>#
#.##.#..


You could see a +0 spectral club and Jessica (fast).


Message History

You see here a +0 club.
k - a scroll labelled FAFRUF COIC No target in view!
No target in view!
A frilled lizard and an endoplasm come into view.
The frilled lizard hisses angrily.
You see here 18 gold pieces.
The endoplasm quivers.
There are monsters nearby!
The frilled lizard barely misses you.
You hit the frilled lizard.
You kill the frilled lizard!
The endoplasm freezes you.
You are frozen. ๐Ÿ˜• HP[-4]
You take 4 damage, and now have 24/28 hp.
An endoplasm is nearby!
You hit the endoplasm. You tail-slap the endoplasm.
You kill the endoplasm!
No target in view!
You now have 85 gold pieces (gained 18).
There is a stone staircase leading up here.
You now have 94 gold pieces (gained 9).
An adder comes into view. ๐Ÿ˜Ž HP[+4]
Your hp is fully restored (28).
An adder is nearby!
The helpless adder fails to defend itself.
You hit the adder. The adder closely misses you. The adder barely misses you.
You hit the adder. The adder barely misses you.
An adder is nearby!
You punch the adder!
You kill the adder!
No target in view!
You now have 98 gold pieces (gained 4).
You see here an adder corpse.
Key pressed, stopping explore.
No target in view!
No target in view!
A bat comes into view.
A bat is nearby!
The bat closely misses you. The bat barely misses you.
The bat hits you but does no damage. The bat closely misses you.
A bat is nearby!
You barely miss the bat. You tail-slap the bat.
You kill the bat!
No target in view!
A ball python comes into view.
The ball python hisses angrily.
A ball python is nearby!
You punch the ball python!
You kill the ball python!
No target in view!
An endoplasm comes into view.
The endoplasm quivers.
An endoplasm is nearby!
You hit the endoplasm. The endoplasm barely misses you.
You punch the endoplasm!
You kill the endoplasm!
Found a stone staircase leading down.
No target in view!
No target in view!
You pick up a book of the Hunter and begin reading...
You add the spells Call Canine Familiar, Portal Projectile and Leda's Liquefaction to your library.
Key pressed, stopping explore.
No target in view!
No target in view!
Found a stone staircase leading down.
No target in view!
No target in view!
There is a stone staircase leading down here.
Jessica the Apprentice Sorceress comes into view.
She is wielding a +0 spectral club.
Jessica shouts!
Jessica mumbles some strange words.
Jessica seems to speed up.
Jessica points at you and mumbles some strange words.
Pain shoots through your body! ๐Ÿ˜ฎ HP[-10]
You take 10 damage, and now have 18/28 hp.
MASSIVE DAMAGE!! (PAUSE) Jessica casts a spell.
Jessica blinks! ๐Ÿ˜ฎ HP[+1] Jessica gestures wildly while chanting.
Jessica blinks!
You are too injured to fight recklessly!
You are too injured to fight recklessly!
You hit Jessica.
Jessica mumbles some strange words.
Jessica blinks!
You are too injured to fight recklessly!
You are too injured to fight recklessly!
You hit Jessica but do no damage. You tail-slap Jessica.
Jessica closely misses you. The +0 spectral club hits you.
* * * LOW HITPOINT WARNING * * *
Jessica casts a spell at you. Pain shoots through your body!
Ouch! That really hurt!
You die...

Skill      XL: |  1  2  3 |
---------------+----------+-----
Shapeshifting  | 4 |  4.3
Fighting       | |  1.1
Dodging        | |  1.7
Unarmed Combat | |  3.0

Action                     || total
---------------------------++-------
  Melee: Unarmed           ||   107
         Punch             ||     5
         Tailslap          ||     7
    Use: Potion            ||     1
   Stab: Sleeping          ||     2
 Armour: Skin              ||    36
  Dodge: Dodged            ||    73

Levels and vault maps discovered:
D:1:      nzn_arrival_depleted_hourglass, layout_basic, serial_bayou_lagoon_a
D:2:      layout_loops_ring, serial_shops, nicolae_shop_behind_doors,
          chequers_avenue, minmay_box_of_dots, uniq_jessica

Notes
Turn   | Place    | Note
-------+----------+-------------------------------------------
     0 | D:1      | kae the Draconian Shapeshifter began the quest for the Orb.
     0 | D:1      | Reached XP level 1. HP: 16/16 MP: 1/1
     0 | D:1      | magus.rc [v1.11.3]
    24 | D:1      | HP: 4/16 [ball python (2)]
    31 | D:1      | HP: 4/16 [ball python (2)]
    36 | D:1      | HP: 3/16 [jackal (2)]
   147 | D:1      | Reached XP level 2. HP: 23/23 MP: 2/2
   587 | D:1      | Reached XP level 3. HP: 21/28 MP: 3/3
  1044 | D:2      | Reached skill level 4 in Shapeshifting
  1126 | D:2      | Found Daocsont's Antique Armour Shop.
  1396 | D:2      | You pick up a book of the Hunter and begin reading...
  1396 | D:2      | You add the spells Call Canine Familiar, Portal Projectile
                  | and Leda's Liquefaction to your library.
  1428 | D:2      | Noticed Jessica
  1434 | D:2      | Killed from afar by Jessica

Vanquished Creatures
  An adder (D:2)
  A dart slug (D:1)
  3 endoplasms
  5 giant cockroaches
  A goblin (D:2)
  2 hobgoblins (D:1)
  10 jackals
  A quokka (D:1)
  5 ball pythons
  6 bats
  2 frilled lizards (D:2)
  3 kobolds (D:2)
  4 rats
44 creatures vanquished.

Table legend:
 A = Non-vault XP
 B = Vault XP
 C = Vault XP percentage of total XP
 D = Non-vault monster count
 E = Vault monster count
 F = Vault count percentage of total count
                 A         B        C        D         E       F
            +---------+---------+-------+---------+---------+-------
      Total |      87 |       0 |   0.0 |      44 |       0 |   0.0
            +---------+---------+-------+---------+---------+-------
        D:1 |      44 |       0 |   0.0 |      25 |       0 |   0.0
        D:2 |      43 |       0 |   0.0 |      19 |       0 |   0.0
            +---------+---------+-------+---------+---------+-------

Skill      XL: |  1  2  3 |
---------------+----------+-----
Shapeshifting  | 4 |  4.3
Fighting       | |  1.1
Dodging        | |  1.7
Unarmed Combat | |  3.0

Action                     || total
---------------------------++-------
  Melee: Unarmed           ||   107
         Punch             ||     5
         Tailslap          ||     7
    Use: Potion            ||     1
   Stab: Sleeping          ||     2
 Armour: Skin              ||    36
  Dodge: Dodged            ||    73

Illustrated notes

Table legend:
 A = Kills in this place as a percentage of kills in the entire game.
 B = Kills by you in this place as a percentage of kills by you in the entire game.
 C = Kills by friends in this place as a percentage of kills by friends in the entire game.
 D = Other kills in this place as a percentage of other kills in the entire game.
 E = Experience gained in this place as a percentage of experience gained in the entire game.
 F = Experience gained in this place divided by the number of levels of this place that you have seen.
                   A       B       C       D       E      F
               +-------+-------+-------+-------+-------+----------------------
         Total | 100.0 | 100.0 |   N/A |   N/A | 100.0 |  43.5
       Dungeon | 100.0 | 100.0 |   N/A |   N/A | 100.0 |  43.5
               +-------+-------+-------+-------+-------+----------------------

Table legend: (Time is in decaauts)
 A = Elapsed time spent in this place.
 B = Non-inter-level travel time spent in this place.
 C = Inter-level travel time spent in this place.
 D = Time resting spent in this place.
 E = Time spent auto-exploring this place.
 F = Levels seen in this place.
 G = Mean time per level.
                   A        B        C        D        E       F      G
               +--------+--------+--------+--------+--------+-----+--------+
         Total |   1433 |   1426 |      7 |     32 |   1143 |   2 |  716.5 |
       Dungeon |   1433 |   1426 |      7 |     32 |   1143 |   2 |  716.5 |
               +--------+--------+--------+--------+--------+-----+--------+

Top non-repeatable levels by time:
     D:1: 967 daAuts
     D:2: 465 daAuts
